 Dungeon Crawl Stone Soup version 0.20-a0-351-gc9b4002 (webtiles) character file.

1083 Faca the Shield-Bearer (level 8, -2/64 HPs)
             Began as a Formicid Fighter on Dec 25, 2016.
             Was a Follower of Okawaru.
             Slain by Prince Ribbit (6 damage)
             ... on level 6 of the Dungeon.
             The game lasted 00:10:14 (4255 turns).

Faca the Shield-Bearer (Formicid Fighter)           Turns: 4255, Time: 00:10:14

Health: -2/64      AC: 10    Str: 21    XL:     8   Next: 55%
Magic:  0/8        EV:  7    Int:  8    God:    Okawaru [*.....]
Gold:   300        SH: 11    Dex: 12    Spells: 7/7 levels left

rFire  . . .     SeeInvis +     a - +0 war axe
rCold  . . .     Gourm    .     p - +0 chain mail
rNeg   . . .     Faith    .     c - +1 shield
rPois  .         Spirit   +     (helmet unavailable)
rElec  .         Reflect  .     (no cloak)
rCorr  .         Harm     .     (no gloves)
MR     .....                    (no boots)
Stlth  ..........               q - amulet of guardian spirit
                                (no ring)
                                (no ring)

@: no status effects
A: permanent stasis, dig shafts and tunnels, four strong arms, antennae 3, beak
a: Dig, Shaft Self, Heroism, Renounce Religion


You were on level 6 of the Dungeon.
You worshipped Okawaru.
Okawaru was aware of your devotion.
You were not hungry.

You visited 2 branches of the dungeon, and saw 7 of its levels.

You collected 300 gold pieces.

Inventory:

Hand Weapons
 a - a +0 war axe (weapon)
 d - a +2 flail of crushing
Armour
 c - a +1 shield (worn)
 p - a +0 chain mail (worn)
 t - the +0 robe of the Tick {rF+ rC+}
   (You found it on level 4 of the Dungeon)

   It protects you from fire.
   It protects you from cold.
Jewellery
 q - an amulet of guardian spirit (around neck)
Wands
 e - a wand of enslavement (14/24)
 k - a wand of polymorph (12/24)
 r - a wand of acid (3/15)
Scrolls
 b - 3 scrolls of remove curse
 u - a scroll of enchant armour
Potions
 g - a potion of brilliance
 h - 6 potions of curing
 j - 3 potions of lignification
 n - a potion of berserk rage {unknown}
 s - a potion of flight {unknown}
 v - a potion of mutation {unknown}
Comestibles
 f - 6 bread rations
 i - a beef jerky
 l - 3 meat rations
 m - 2 fruits
 o - a royal jelly


   Skills:
 + Level 6.0 Fighting
 + Level 5.1 Axes
 + Level 6.2 Armour
 - Level 0.6 Dodging
 + Level 6.5 Shields


You had 7 spell levels left.
You didn't know any spells.

Dungeon Overview and Level Annotations

Branches:
Dungeon (6/15)             Temple (1/1) D:5

Altars:
Gozag
Nemelex Xobeh
Okawaru
Zin
The Shining One

Shops:
D:2 *

Annotations:
D:6 Prince Ribbit


Innate Abilities, Weirdness & Mutations

You cannot be hasted, slowed, berserked, paralysed or teleported.
You can dig through walls and to a lower floor.
Your four strong arms can wield two-handed weapons with a shield.
You have a pair of large antennae on your head. (SInv)
You have a beak for a mouth.


Message History

You are too injured to fight recklessly!
You are too injured to fight recklessly!
You are too injured to fight recklessly!
You are too injured to fight recklessly!
You are too injured to fight recklessly!
You are too injured to fight recklessly!
You are too injured to fight recklessly!
You are too injured to fight recklessly!
You are too injured to fight recklessly!
You are too injured to fight recklessly!
You miss Prince Ribbit.
Prince Ribbit is heavily wounded.
Prince Ribbit hits you!
* * * LOW HITPOINT WARNING * * *
Prince Ribbit hits you!
* * * LOW HITPOINT WARNING * * *
You hit Prince Ribbit but do no damage.
Prince Ribbit is heavily wounded.
Prince Ribbit hits you!
You die...

..#.#.....#....#
.<+.#.(.....#.##..#
..#...........##..#
..+...........##..#
..##...........#..#
####....#....#.#..#
##...#....#.#..#
....#....#.#..##.#
#....#.#@F...#
...#......#####
...........#
...............#
#..........###.#
.........#.#
.....###.#.# ?....
#.#/# ..... #.#..


You could see Prince Ribbit.

Vanquished Creatures
  The ghost of frogmouthbird the Destroyer, a novice DECj (D:5)
  Sigmund (D:5)
  Edmund (D:4)
  An ice beast (D:5)
  A crimson imp (D:5)
  A bullfrog zombie (D:5)
  A jelly (D:5)
  5 orc wizards
  3 orc priests (D:4)
  A worker ant (D:5)
  A hound skeleton (D:6)
  3 gnolls (D:2)
  3 adders
  An ooze (D:3)
  An adder zombie (D:5)
  2 worms (D:4)
  3 dart slugs
  3 leopard geckos
  17 orcs
  3 giant cockroaches
  7 goblins
  2 hobgoblins (D:1)
  6 jackals (D:4)
  8 kobolds
  2 quokkas (D:4)
  2 ball pythons
  3 bats
  6 frilled lizards
  A quokka skeleton (D:4)
  4 rats
94 creatures vanquished.

Notes
Turn   | Place    | Note
-------+----------+-------------------------------------------
     0 | D:1      | Faca the Formicid Fighter began the quest for the Orb.
     0 | D:1      | Reached XP level 1. HP: 18/18 MP: 1/1
   155 | D:1      | Reached XP level 2. HP: 21/24 MP: 2/2
   824 | D:2      | Found Zin's Purification Station.
   825 | D:2      | Found a glowing silver altar of Zin.
   873 | D:2      | Reached XP level 3. HP: 29/29 MP: 3/3
  1001 | D:2      | Reached XP level 4. HP: 7/37 MP: 4/4
  1956 | D:3      | Found an opulent altar of Gozag.
  2211 | D:4      | Reached XP level 5. HP: 36/42 MP: 5/5
  2215 | D:4      | Gained mutation: You have a beak for a mouth. [potion of beneficial mutation]
  2366 | D:4      | Noticed Edmund
  2378 | D:4      | Killed Edmund
  2378 | D:4      | Reached XP level 6. HP: 12/49 MP: 2/6
  2830 | D:4      | Reached skill level 5 in Armour
  2830 | D:4      | Reached skill level 5 in Shields
  2873 | D:4      | Got a brightly glowing robe
  2884 | D:4      | Identified the +0 robe of the Tick {rF+ rC+} (You found it on level 4 of the Dungeon)
  2931 | D:4      | Found a sparkling altar of Nemelex Xobeh.
  2932 | D:4      | Found a glowing golden altar of the Shining One.
  3083 | D:4      | Reached XP level 7. HP: 36/55 MP: 3/7
  3366 | D:5      | Entered Level 5 of the Dungeon
  3535 | D:5      | Reached skill level 5 in Fighting
  3551 | D:5      | Noticed Sigmund
  3559 | D:5      | Killed Sigmund
  3679 | D:5      | Reached XP level 8. HP: 60/62 MP: 8/8
  3711 | D:5      | Found a staircase to the Ecumenical Temple.
  3720 | Temple   | Entered the Ecumenical Temple
  3748 | Temple   | Became a worshipper of Warmaster Okawaru
  3768 | D:5      | Noticed frogmouthbird's ghost (novice DECj)
  3783 | D:5      | Killed frogmouthbird's ghost
  3783 | D:5      | Reached skill level 5 in Axes
  4032 | D:5      | Reached * piety under Okawaru
  4113 | D:5      | Found a glowing golden altar of the Shining One.
  4245 | D:6      | Noticed Prince Ribbit
  4255 | D:6      | Slain by Prince Ribbit

Vault maps used:
D:1:      scummos_arrival_star, serial_forest, infiniplex_forest_clump_double,
          infiniplex_forest_clump_large, infiniplex_forest_clump_tiny,
          infiniplex_forest_zigzag_1, infiniplex_forest_zigzag_2,
          infiniplex_forest_lined_room_3, minivault_26
D:2:      zin_purify, first_bread, minmay_tromino_v7
D:3:      nicolae_gozag_cash_rules_everything_around_me, minmay_misc_feat_roman,
          minmay_fountain_box, minmay_misc_feat_tiny
D:4:      minitemple, uniq_edmund
D:5:      nicolae_tso_swordbearing_angel, uniq_sigmund
D:6:      uniq_menkaure, uniq_prince_ribbit1
Temple:   regret_index_temple_generic_petals

Skill      XL: |  1  2  3  4  5  6  7  8 |
---------------+-------------------------+-----
Armour         | 4 5 6 |  6.2
Shields        | 4 5 6 |  6.5
Axes           | 3 4 5 |  5.1
Fighting       | 4 5 6 |  6.0
Dodging        | |  0.6

Action                   |  1- 3 |  4- 6 |  7- 9 || total
-------------------------+-------+-------+-------++-------
Melee: War axe           |    80 |   122 |    97 ||   299
       Peck              |       |    12 |    13 ||    25
  Use: Scroll            |     5 |     7 |       ||    12
       Potion            |       |     2 |     3 ||     5
  Eat: Bread ration      |       |     2 |     1 ||     3
       Chunk             |       |     1 |       ||     1
Armor: Scale mail        |    28 |     8 |       ||    36
       Chain mail        |       |    35 |    22 ||    57
       Skin              |       |       |     7 ||     7
Dodge: Dodged            |    25 |    25 |    19 ||    69
Block: Shield            |    53 |    81 |    55 ||   189
